 Dungeon Crawl Stone Soup version 0.25.1-2-g60ff931df9 (webtiles) character file.

Game seed: 30471863502276214

14938 DerDa the Tainter (level 12, -6/88 HPs)
             Began as a Formicid Venom Mage on Sept 26, 2020.
             Was an Elder of Sif Muna.
             Mangled by an eight-headed hydra (11 damage)
             ... on level 11 of the Dungeon.
             The game lasted 00:47:12 (13579 turns).

DerDa the Tainter (Formicid Venom Mage)            Turns: 13579, Time: 00:47:12

Health: -6/88      AC:  7    Str: 12    XL:     12   Next: 51%
Magic:  27/33      EV: 14    Int: 21    God:    Sif Muna [****..]
Gold:   506        SH:  5    Dex: 11    Spells: 7/28 levels left

rFire    + . .     SeeInvis +   K - +3 scimitar (flame)
rCold    . . .     Gourm    .   k - +0 buckler
rNeg     . . .     Faith    .   Y - +2 leather armour {rF+}
rPois    .         Spirit   .   (helmet unavailable)
rElec    .         Reflect  .   G - +0 cloak
rCorr    .         Harm     .   B - +0 pair of gloves
MR       +....                  (no boots)
Stlth    ++........             a - amulet of the acrobat
HPRegen  0.24/turn              o - +4 ring of slaying
MPRegen  0.23/turn              r - ring of magical power

@: no status effects
A: permanent stasis, dig shafts and tunnels, four strong arms, antennae 3
a: Dig, Shaft Self, Channel Magic, Forget Spell, Divine Exegesis, Renounce
Religion


You were on level 11 of the Dungeon.
You worshipped Sif Muna.
Sif Muna was greatly pleased with you.
You were not hungry.

You visited 2 branches of the dungeon, and saw 12 of its levels.

You collected 731 gold pieces.
You spent 225 gold pieces at shops.

Inventory:

Hand Weapons
 n - a +1 flail of holy wrath
 E - a +1 shortbow of flaming
 K - a +3 scimitar of flaming (weapon)
 S - a +0 hand crossbow
Missiles
 b - 504 stones (quivered)
 g - 317 arrows
 s - 54 sling bullets
 w - 104 bolts
 D - 27 poisoned darts
Armour
 k - a +0 buckler (worn)
 B - a +0 pair of gloves (worn)
 G - a +0 cloak (worn)
 Y - a +2 leather armour of fire resistance (worn)
Jewellery
 a - an amulet of the acrobat (around neck)
 d - an uncursed ring of flight
 o - a +4 ring of slaying (left hand)
 r - a ring of magical power (right hand)
 v - an uncursed ring of protection from cold
 y - a cursed ring of protection from cold
 V - an uncursed ring of poison resistance
Wands
 h - a wand of flame (14)
 j - a wand of paralysis (8)
 z - a wand of iceblast (14)
 H - a wand of disintegration (23)
 P - a wand of enslavement (9)
 Q - a wand of acid (7)
Scrolls
 l - a scroll of immolation
 p - 2 scrolls of enchant armour
 q - a scroll of magic mapping
 u - 4 scrolls of remove curse
 A - a scroll of acquirement {unknown}
 C - 2 scrolls of fog
 I - a scroll of enchant weapon
 J - 2 scrolls of amnesia
 N - 3 scrolls of vulnerability {unknown}
Potions
 e - a potion of brilliance
 f - 4 potions of curing
 i - 4 potions of magic {unknown}
 m - 2 potions of might
 t - 2 potions of lignification {unknown}
 x - 2 potions of degeneration {unknown}
 F - 3 potions of mutation {unknown}
 U - a potion of resistance {unknown}
Comestibles
 c - 12 rations


   Skills:
 + Level 6.2 Fighting
 + Level 5.4 Dodging
 - Level 2.4 Stealth
 + Level 6.7 Shields
 * Level 8.7 Spellcasting
 + Level 4.9 Conjurations
 - Level 5.0 Transmutations
 + Level 4.0 Fire Magic
 + Level 4.6 Air Magic
 * Level 0.8 Earth Magic
 * Level 11.7 Poison Magic
 + Level 5.0 Invocations
 + Level 4.7 Evocations


You had 7 spell levels left.
You knew the following spells:

 Your Spells              Type           Power        Failure   Level  Hunger
a - Sting                 Tmut/Pois      ####         1%          1    None
b - Mephitic Cloud        Conj/Pois/Air  #####...     1%          3    None
c - Olgreb's Toxic Radia  Pois           ######..     1%          4    ###....
d - Ignite Poison         Fire/Tmut/Pois #####...     1%          3    None
e - Irradiate             Conj/Tmut      ####......   34%         5    #####..
f - Stone Arrow           Conj/Erth      ###...       9%          3    None
u - Poisonous Vapours     Pois/Air       #####.       1%          2    None

Your spell library contained the following spells:

 Spells                   Type           Power        Failure   Level  Hunger
 Passwall                 Tmut/Erth      ###.....     4%          2    None
 Sandblast                Erth           ##....       7%          1    None
 Animate Skeleton         Necr           N/A          10%         1    None
 Infusion                 Chrm           #...         10%         1    None
 Pain                     Necr           #...         10%         1    None
 Shroud of Golubria       Chrm/Tloc      #.....       14%         2    None
 Song of Slaying          Chrm           #.......     14%         2    None
 Ozocubu's Armour         Chrm/Ice       #.......     28%         3    None
 Spectral Weapon          Hex/Chrm       #.......     28%         3    None
 Vampiric Draining        Necr           #.........   28%         3    None
 Petrify                  Tmut/Erth      ###.....     28%         4    ###....
 Animate Dead             Necr           N/A          67%         4    ###....
 Lee's Rapid Deconstruct  Erth           ##........   88%         5    #####..
 Hydra Form               Tmut           ####......   88%         6    ######.
 Agony                    Necr           #.......     95%         5    #####..
 Statue Form              Tmut/Erth      ###......    99%         6    ######.
 Dragon Form              Tmut           ####......   100%        7    #######


Dungeon Overview and Level Annotations

Branches:
Dungeon (11/15)            Temple (1/1) D:7            Lair (0/6) D:11
    Orc (0/2) D:10

Altars:
Ashenzari
Cheibriados
Dithmenos
Elyvilon
Fedhas
Gozag
Hepliaklqana
Kikubaaqudgha
Makhleb
Nemelex Xobeh
Okawaru
Qazlal
Ru
Sif Muna
Trog
Uskayaw
Vehumet
Wu Jian
Xom
Yredelemnul
Zin
The Shining One

Shops:
D:4 %   D:7 =   D:9 }   D:11 !


Innate Abilities, Weirdness & Mutations

You cannot be hasted, slowed, berserked, paralysed or teleported.
You can dig through walls and to a lower floor.
Your four strong arms can wield two-handed weapons with a shield.
You have a pair of large antennae on your head. (SInv)


Message History

Press: ? - help, Shift-Dir - straight line, f - eight-headed hydra
Aim: an eight-headed hydra (flame, moderately wounded)
The bolt of acid hits the eight-headed hydra!
The eight-headed hydra is splashed with acid.
The acid corrodes the eight-headed hydra!
The eight-headed hydra is heavily wounded.
The bolt of acid hits the centaur!
The centaur is splashed with acid.
The acid corrodes the centaur!
The centaur is almost dead.
The eight-headed hydra is engulfed in blazing flames.
The eight-headed hydra bites you! The eight-headed hydra misses you.
The eight-headed hydra bites you! x2
* * * LOW HITPOINT WARNING * * *
The eight-headed hydra bites you!
* * * LOW HITPOINT WARNING * * *
The eight-headed hydra bites you.
* * * LOW HITPOINT WARNING * * *
You block the eight-headed hydra's attack.
The eight-headed hydra bites you!
You die...

..........#)# #>#
#.........#.# #.#
#.......).#.# #.#
#....D....#.# #.#
#.......ā€ .')#####.#
#......)..#cā—‹..).)#
#.........#ā—‹#####)#
#.........#D# #.#
...........#@# #.#
...........#.+ #.### ##
...........#.# #...# .#
......######.# #...# .#
......#......# #...#
.##########......# #...##
.................# #....#
..[..............# #....#
.................#####....#


You could see an eight-headed hydra (corroded) and a centaur (corroded).

Vanquished Creatures
  Gastronok (D:9)
  A two-headed ogre (D:10)
  Erica (D:8)
  An unseen horror (D:10)
  An ugly thing (D:11)
  Joseph (D:8)
  2 centaur zombies (D:11)
  Maggie (D:8)
  2 polar bears (D:10)
  A troll (D:10)
  Grinder (D:4)
  A hippogriff (D:10)
  Sigmund (D:2)
  2 vampires
  2 centaur simulacra (D:10)
  6 yaks
  A wyvern (D:11)
  Grum (D:9)
  A water moccasin (D:10)
  8 orc warriors
  A sky beast (D:7)
  A black bear (D:10)
  3 ice beasts
  An eye of draining (D:10)
  7 wolves
  A phantom (D:6)
  A necrophage (D:7)
  8 ogres
  8 centaurs
  5 big kobolds
  3 bullfrogs
  4 gnoll sergeants
  2 water moccasin zombies
  4 scorpions
  A hornet simulacrum (D:10)
  11 killer bees
  6 howler monkeys
  5 crimson imps
  3 quasits
  A bullfrog zombie (D:10)
  6 orc priests
  A bullfrog skeleton (D:6)
  3 hounds
  7 orc wizards
  3 centaur skeletons
  A gnoll shaman (D:9)
  3 iguanas
  8 worker ants
  A bullfrog simulacrum (D:10)
  A hound skeleton (D:6)
  A worker ant zombie (D:5)
  14 gnolls
  11 adders
  4 shadow imps
  2 white imps (D:10)
  A worker ant simulacrum (D:10)
  An ooze (D:2)
  2 adder zombies
  4 adder skeletons
  2 worms
  3 dart slugs
  8 leopard geckos
  38 orcs
  5 ball pythons
  5 giant cockroaches
  9 goblins
  5 hobgoblins
  11 jackals
  5 quokkas
  5 bats
  4 frilled lizards
  18 kobolds
  A leopard gecko skeleton (D:4)
  14 rats
319 creatures vanquished.

Vanquished Creatures (others)
  A big kobold (D:11)
1 creature vanquished.

Grand Total: 320 creatures vanquished

Notes
Turn   | Place    | Note
-------+----------+-------------------------------------------
     0 | D:1      | DerDa the Formicid Venom Mage began the quest for the Orb.
     0 | D:1      | Reached XP level 1. HP: 13/13 MP: 3/3
   307 | D:1      | Reached XP level 2. HP: 19/19 MP: 3/5
   311 | D:1      | Learned a level 2 spell: Poisonous Vapours
   888 | D:1      | Reached XP level 3. HP: 24/24 MP: 3/6
  1069 | D:2      | Learned a level 3 spell: Mephitic Cloud
  1367 | D:2      | Noticed Sigmund
  1841 | D:2      | Killed Sigmund
  1841 | D:2      | Reached skill level 1 in Fighting
  1841 | D:2      | Reached skill level 1 in Shields
  1841 | D:2      | Reached skill level 1 in Conjurations
  1841 | D:2      | Reached skill level 5 in Poison Magic
  1841 | D:2      | Reached XP level 4. HP: 23/32 MP: 0/9
  1841 | D:2      | Reached XP level 5. HP: 27/37 MP: 0/10
  1841 | D:2      | Reached XP level 6. HP: 31/43 MP: 0/11
  2398 | D:2      | Learned a level 4 spell: Olgreb's Toxic Radiance
  2720 | D:3      | Reached skill level 1 in Air Magic
  3121 | D:3      | Reached XP level 7. HP: 43/49 MP: 12/12
  3605 | D:3      | Learned a level 3 spell: Ignite Poison
  3785 | D:4      | Noticed Grinder
  3792 | D:4      | Killed Grinder
  3792 | D:4      | Reached skill level 6 in Poison Magic
  3969 | D:4      | Found Pobam's Food Shop.
  4476 | D:5      | Entered Level 5 of the Dungeon
  4786 | D:5      | Reached XP level 8. HP: 28/56 MP: 14/14
  5521 | D:6      | Reached skill level 7 in Poison Magic
  5654 | D:6      | Reached skill level 5 in Spellcasting
  5857 | D:6      | Reached XP level 9. HP: 63/64 MP: 13/16
  6895 | D:7      | Found Ymojyl's Jewellery Shoppe.
  6990 | D:7      | Reached skill level 8 in Poison Magic
  7077 | D:7      | Found a staircase to the Ecumenical Temple.
  7089 | Temple   | Entered the Ecumenical Temple
  7113 | Temple   | Became a worshipper of Sif Muna the Loreminder
  7643 | D:7      | Found a hide-covered altar of Uskayaw.
  8505 | D:8      | Noticed Joseph
  8519 | D:8      | Killed Joseph
  8726 | D:8      | Reached XP level 10. HP: 68/68 MP: 19/19
  8727 | D:8      | Reached skill level 1 in Invocations
  8727 | D:8      | Reached skill level 1 in Evocations
  8728 | D:8      | Reached skill level 5 in Transmutations
  8731 | D:8      | Reached * piety under Sif Muna
  8843 | D:8      | Noticed Erica
  8851 | D:8      | Killed Erica
  8851 | D:8      | Reached skill level 1 in Fire Magic
  8851 | D:8      | Reached skill level 9 in Poison Magic
  9276 | D:8      | Noticed Maggie
  9288 | D:8      | Killed Maggie
  9557 | D:9      | Reached skill level 5 in Shields
  9684 | D:9      | Noticed Gastronok
  9705 | D:9      | Killed Gastronok
  9705 | D:9      | Reached ** piety under Sif Muna
  9705 | D:9      | Reached skill level 5 in Fighting
  9705 | D:9      | Reached skill level 10 in Poison Magic
  9705 | D:9      | Reached XP level 11. HP: 41/76 MP: 10/21
 10060 | D:9      | Found Yxzuxoc's Gadget Shoppe.
 10273 | D:9      | Noticed Grum
 10277 | D:9      | Killed Grum
 10498 | D:10     | Entered Level 10 of the Dungeon
 10511 | D:10     | Noticed an unseen horror
 10520 | D:10     | Killed an unseen horror
 11047 | D:10     | Noticed a two-headed ogre
 11055 | D:10     | Killed a two-headed ogre
 11441 | D:10     | Reached skill level 5 in Dodging
 11449 | D:10     | Reached skill level 11 in Poison Magic
 11984 | D:10     | Found a staircase to the Orcish Mines.
 11987 | D:10     | Reached *** piety under Sif Muna
 11987 | D:10     | Reached XP level 12. HP: 77/84 MP: 21/24
 12650 | D:11     | Found a staircase to the Lair.
 13080 | D:11     | Found Omaex's Distillery.
 13083 | D:11     | Bought a potion of heal wounds for 75 gold pieces
 13083 | D:11     | Bought a potion of curing for 45 gold pieces
 13083 | D:11     | Bought a potion of brilliance for 60 gold pieces
 13083 | D:11     | Bought a potion of flight for 45 gold pieces
 13391 | D:11     | Learned a level 5 spell: Irradiate
 13395 | D:11     | Learned a level 3 spell: Stone Arrow
 13409 | D:11     | Reached **** piety under Sif Muna
 13450 | D:11     | Reached skill level 5 in Invocations
 13563 | D:11     | Noticed an eight-headed hydra
 13579 | D:11     | Mangled by an eight-headed hydra

Illustrated notes

Levels and vault maps discovered:
D:1:      dpeg_arrival_lava_altar, layout_basic
D:2:      layout_loops_cross, minmay_misc_feat_more_columns, uniq_sigmund
D:3:      layout_loops_corners, first_ration
D:4:      layout_basic, serial_shops, shop, uniq_grinder
D:5:      layout_loops_ring
D:6:      layout_loops_ring, kb_lookout_dungeons_type,
          kennysheep_opposing_triangles
D:7:      layout_gridville, eat_drink_and_be_merry_uskayaw,
          minmay_temple_entry_waves, serial_shops,
          nicolae_shop_temple_entry_statues_fountains
D:8:      layout_basic, uniq_erica, uniq_joseph, uniq_maggie
D:9:      layout_roguey, serial_shops, shop, chequers_decorated_corner,
          uniq_gastronok, uniq_grum
D:10:     layout_stronghold, kennysheep_orc_monster_closet_entryway, serial_ice,
          serial_ice_i, serial_ice_m, serial_ice_f, serial_ice_b
D:11:     layout_irregular_city, lair_entry_dummy, serial_shops,
          nicolae_shop_behind_doors
Temple:   grunt_wide_crystal_templ

Skill      XL: |  1  2  3  4  5  6  7  8  9 10 11 12 |
---------------+-------------------------------------+-----
Transmutations | 2 3 4 5 |  5.0
Fighting       | 1 2 3 4 5 6 |  6.2
Dodging        | 2 3 4 5 |  5.4
Shields        | 1 2 3 4 5 6 |  6.7
Spellcasting   | 3 4 5 6 7 8 |  8.7
Conjurations   | 1 2 3 4 |  4.9
Poison Magic   | 5 6 7 8 10 11 | 11.7
Air Magic      | 1 2 3 4 |  4.6
Invocations    | 3 4 5 |  5.0
Evocations     | 2 4 |  4.7
Fire Magic     | 2 3 4 |  4.0
Stealth        | |  2.4
Earth Magic    | |  0.8

Action                   |  1- 3 |  4- 6 |  7- 9 | 10-12 || total
-------------------------+-------+-------+-------+-------++-------
Melee: Unarmed           |     2 |       |       |       ||     2
       Hand axe          |    13 |       |       |       ||    13
       Scythe            |       |    15 |       |       ||    15
       Long sword        |       |     5 |    67 |     2 ||    74
       Scimitar          |       |       |       |   138 ||   138
 Cast: Sting             |    52 |    48 |   126 |    77 ||   303
       Poisonous Vapours |     4 |       |     9 |    30 ||    43
       Olgreb's Toxic Ra |       |     1 |    11 |    26 ||    38
       Ignite Poison     |       |       |    15 |    21 ||    36
       Mephitic Cloud    |       |       |    14 |    26 ||    40
Evoke: Wand              |       |       |       |     1 ||     1
  Use: Potion            |     2 |       |       |     2 ||     4
       Scroll            |       |     5 |     1 |     7 ||    13
 Stab: Sleeping          |       |       |     2 |       ||     2
       Confused          |       |       |       |     2 ||     2
  Eat: Chunk             |     4 |     4 |    19 |    16 ||    43
       Ration            |       |       |       |     1 ||     1
Armor: Robe              |     6 |     3 |     3 |       ||    12
       Leather armour    |       |       |    26 |    53 ||    79
Dodge: Dodged            |    19 |    29 |    71 |   166 ||   285
Block: Buckler           |     3 |    11 |    32 |    55 ||   101
       Rpst.: Long sword |       |     4 |    16 |     4 ||    24
       Scimitar          |       |       |       |    38 ||    38
